 Dungeon Crawl Stone Soup version 0.20.1-1-g8b1a95d (webtiles) character file.

82 Jukra the Chopper (level 4, -1/41 HPs)
             Began as a Minotaur Berserker on Sept 4, 2017.
             Was a Believer of Trog.
             Killed by divine providence
             ... invoked by an orc priest
              (15 damage)
             ... on level 2 of the Dungeon.
             The game lasted 00:06:16 (993 turns).

Jukra the Chopper (Minotaur Berserker)               Turns: 993, Time: 00:06:17

Health: -1/41      AC:  9    Str: 23    XL:     4   Next: 21%
Magic:  3/3        EV:  8    Int:  4    God:    Trog [**....]
Gold:   95         SH:  3    Dex:  9    Spells: 3/3 levels left

rFire    . . .     SeeInvis .   t - +4 mace (holy)
rCold    . . .     Gourm    .   d - +0 buckler (curse)
rNeg     . . .     Faith    .   u - +0 chain mail
rPois    .         Spirit   .   (helmet restricted)
rElec    .         Reflect  .   (no cloak)
rCorr    .         Harm     .   (no gloves)
MR       .....                  (no boots)
Stlth    ..........             q - amulet of regeneration
Regen    0.6/turn               j - ring of flight
MPRegen  0.1/turn               (no ring)

@: no status effects
A: retaliatory headbutt, horns 2
a: Berserk, Trog's Hand, Burn Spellbooks, Renounce Religion, Evoke Flight


You were on level 2 of the Dungeon.
You worshipped Trog.
Trog was pleased with you.
You were not hungry.

You visited 1 branch of the dungeon, and saw 2 of its levels.

You collected 95 gold pieces.

Inventory:

Hand Weapons
 a - a +0 hand axe
 r - a +0 hand axe
 t - a +4 mace of holy wrath (weapon)
Missiles
 o - 5 tomahawks (quivered)
Armour
 b - a +0 animal skin
 d - a cursed +0 buckler (worn)
 i - a +0 buckler
 u - a +0 chain mail (worn)
Jewellery
 j - a ring of flight (left hand)
 q - an amulet of regeneration (around neck)
Wands
 s - a wand of random effects (15/48)
Scrolls
 k - a scroll of enchant weapon {unknown}
 l - a scroll of fog {unknown}
 m - a scroll of random uselessness {unknown}
 n - a scroll of teleportation {unknown}
 w - a scroll of identify {unknown}
Potions
 e - 2 potions of lignification {unknown}
 f - a potion of agility {unknown}
 h - 2 potions of curing {unknown}
Comestibles
 c - 2 bread rations
 g - 2 royal jellies
 p - a meat ration
 v - 3 chunks of flesh


   Skills:
 * Level 4.5 Fighting
 - Level 4.6 Axes
 + Level 2.8 Armour
 + Level 2.9 Dodging
 + Level 0.8 Shields


You had 3 spell levels left.
You didn't know any spells.

Dungeon Overview and Level Annotations

Branches:
Dungeon (2/15)

Altars:


Innate Abilities, Weirdness & Mutations

You reflexively headbutt those who attack you in melee.
You have a pair of horns on your head.


Message History

You sock the orc!
You kill the orc!
Trog accepts your kill.
You hear some strange, mumbled words.
A puff of flame appears from out of thin air!
The puff of flame hits you!
* * * LOW HITPOINT WARNING * * *
Something hits you but does no damage.
You sock the orc priest! You headbutt the orc priest.
The orc priest is severely wounded.
You block the orc priest's attack.
You closely miss the orc priest. Your headbutt misses the orc priest.
The orc priest is severely wounded.
The orc priest hits you but does no damage.
Your chain mail prevents you from hitting the orc priest.
The orc priest is severely wounded.
The orc priest hits you but does no damage.
The orc priest mumbles some strange prayers to Beogh against you.
Beogh smites you!
You die...

###...##########....####.........
........)..............'.......).
###...##########....####.........
#..## #.#.## ##.......# #.#####
#(### ##.....## #.....# #.#
##...## #####.# #.# ##+## #.# #.#
#.# #@# #.# #o### #######.#
#)o.### ........# ###.#...#####
######### #............
#.#.[)....#.. #.#.≈...≈.# #
#.......# #.......#


You could see an orc priest and an orc.

Vanquished Creatures
  Terence (D:2)
  An ooze (D:1)
  A worm (D:1)
  3 dart slugs (D:1)
  3 orcs (D:2)
  3 bats (D:1)
  2 giant cockroaches (D:1)
  7 goblins
  5 hobgoblins
  3 jackals (D:1)
  4 kobolds
  A ball python (D:1)
  3 frilled lizards
  4 rats
41 creatures vanquished.

Notes
Turn   | Place    | Note
-------+----------+-------------------------------------------
     0 | D:1      | Jukra the Minotaur Berserker began the quest for the Orb.
     0 | D:1      | Reached XP level 1. HP: 19/19 MP: 0/0
    50 | D:1      | Reached XP level 2. HP: 25/27 MP: 1/1
   207 | D:1      | Reached XP level 3. HP: 28/33 MP: 2/2
   774 | D:2      | Reached ** piety under Trog
   782 | D:2      | Noticed Terence
   795 | D:2      | Killed Terence
   795 | D:2      | Reached XP level 4. HP: 6/41 MP: 3/3
   993 | D:2      | Killed from afar by an orc priest

Skill      XL: |  1  2 |
---------------+-------+-----
Axes           | 4 |  4.6
Fighting       | 4 |  4.5
Armour         | |  2.8
Dodging        | |  2.9
Shields        | |  0.8

Action                   |  1- 3 |  4- 6 || total
-------------------------+-------+-------++-------
Melee: Hand axe          |    69 |       ||    69
       Headbutt          |    10 |     3 ||    13
       Mace              |       |    14 ||    14
Invok: Berserk           |     1 |       ||     1
  Eat: Chunk             |       |     1 ||     1
Armor: Animal skin       |    12 |       ||    12
       Chain mail        |       |    13 ||    13
Dodge: Dodged            |    50 |    12 ||    62
Block: Buckler           |    14 |     3 ||    17
